[Event "International chess holiday K21"]
[Site "Praha"]
[Date "2014.07.31"]
[Round "8"]
[White "Andersson, Stefan"]
[Black "Lammers, Frank"]
[Result "1-0"]
[ECO "D12"]
[WhiteElo "1902"]
[BlackElo "1999"]
[Annotator "Koller,Martin"]
[PlyCount "59"]
[TimeControl "240+2"]

1. d4 d5 2. c4 c6 3. Nf3 Nf6 4. e3 Bf5 5. Be2 h6 6. b3 e6 7. O-O Bd6 8.
Bb2 O-O 9. Nbd2 Nbd7 10. Rc1 Re8 11. Ne5 Ne4 12. f4 f6 13. Nef3 Nf8 14. Nh4 Bh7
15. Bh5 Re7 16. Rf3 g6 17. Nxe4 dxe4 18. Rg3 Rg7 19. d5 gxh5 20. Qxh5 Rxg3 21.
hxg3 Kg7 22. dxe6 Nxe6 23. Rd1 Qf8 24. g4 Be7 25. g5 Rd8 26. Rf1 Kh8 27. g6 Qg7
28. gxh7 Kxh7 29. Qf5+ Kh8 30. Ng6+ 1-0

[Event "International chess holiday K21"]
[Site "Praha"]
[Date "2014.07.31"]
[Round "8"]
[White "Reichmann, Steffen"]
[Black "Skopec, Lubos"]
[Result "1/2-1/2"]
[ECO "B23"]
[WhiteElo "1966"]
[BlackElo "1959"]
[Annotator "Koller,Martin"]
[PlyCount "41"]
[TimeControl "240+2"]

1. e4 c5 2. Nc3 Nc6 3. f4 g6 4. Bb5 Bg7 5. Bxc6 dxc6 6. Nf3 Nf6 7. O-O
O-O 8. d3 Qc7 9. Qe1 b6 10. Qh4 Bd7 11. e5 Nd5 12. Ne4 f6 13. e6 Bxe6 14. Neg5
fxg5 15. Nxg5 Rf6 16. Qxh7+ Kf8 17. c4 Bg8 18. Qh4 Rd8 19. cxd5 Rxd5 20. Bd2
Rfd6 21. Ne4 1/2-1/2

[Event "International chess holiday K21"]
[Site "Praha"]
[Date "2014.07.31"]
[Round "8"]
[White "Schoenmakers, Nico"]
[Black "Klamp, Cristoph"]
[Result "1-0"]
[ECO "B12"]
[WhiteElo "1885"]
[BlackElo "2053"]
[Annotator "Koller,Martin"]
[PlyCount "81"]
[TimeControl "240+2"]

1. d4 c6 2. e4 d5 3. e5 Bf5 4. Nf3 e6 5. c3 Qb6 6. a3 c5 7. Bd3 Ne7 8.
b4 cxd4 9. cxd4 Nd7 10. Bb2 Bxd3 11. Qxd3 Nf5 12. O-O Be7 13. Nbd2 a5 14. b5 a4
15. Rab1 O-O 16. Rfc1 f6 17. exf6 Rxf6 18. Nf1 Nd6 19. Ne3 Qd8 20. Bc3 Nb6 21.
Nd2 Qd7 22. Bb4 Raf8 23. f3 Rf4 24. Bc5 Ndc8 25. Ng4 Bd6 26. g3 R4f5 27. f4 g5
28. Nh6+ Kh8 29. Nxf5 Rxf5 30. fxg5 Rxg5 31. Bxd6 Nxd6 32. Nf3 Rg8 33. Ne5 Qg7
34. Rf1 Nbc4 35. Rbe1 Rc8 36. Nxc4 dxc4 37. Qe3 Nxb5 38. Rf4 c3 39. Qxe6 Rd8
40. Rg4 Nxd4 41. Qe8+ 1-0

[Event "International chess holiday K21"]
[Site "Praha"]
[Date "2014.07.31"]
[Round "8"]
[White "Vesely, Jaromir"]
[Black "Koubek, Vaclav"]
[Result "1-0"]
[ECO "E72"]
[WhiteElo "1949"]
[BlackElo "2033"]
[Annotator "Koller,Martin"]
[PlyCount "86"]
[TimeControl "240+2"]

1. d4 Nf6 2. c4 g6 3. g3 Bg7 4. Bg2 O-O 5. e4 d6 6. Nc3 e5 7. Nge2 Nc6
8. O-O exd4 9. Nxd4 Nxd4 10. Qxd4 Be6 11. Qd3 Nd7 12. b3 Nc5 13. Qc2 a5 14. Bb2
c6 15. Rad1 Qc7 16. Ne2 Rad8 17. Bxg7 Kxg7 18. Nd4 Bc8 19. Rd2 Ne6 20. Qc3 Nxd4
21. Qxd4+ Kg8 22. Rfd1 Bg4 23. Re1 b5 24. cxb5 cxb5 25. Qd3 Qb6 26. h3 Be6 27.
Rc1 a4 28. bxa4 bxa4 29. Qa3 Qb5 30. Rd4 d5 31. Qxa4 Qb2 32. Rcd1 Ra8 33. Qb3
Qxb3 34. axb3 dxe4 35. b4 f5 36. b5 Rfb8 37. Bf1 Rb6 38. Rd6 Rab8 39. Rxe6 Rxe6
40. Bc4 Kf7 41. Rd6 1-0

[Event "International chess holiday K21"]
[Site "Praha"]
[Date "2014.07.31"]
[Round "8"]
[White "Wolf, Ulrich"]
[Black "Thomasson, Staffan"]
[Result "1/2-1/2"]
[ECO "A14"]
[WhiteElo "2071"]
[BlackElo "1882"]
[Annotator "Koller,Martin"]
[PlyCount "63"]
[TimeControl "240+2"]

1. Nf3 Nf6 2. c4 e6 3. b3 Be7 4. Bb2 O-O 5. g3 d5 6. Bg2 c5 7. e3 Nc6
8. O-O a6 9. cxd5 exd5 10. d4 Bg4 11. h3 Bh5 12. g4 Bg6 13. dxc5 Bxc5 14. Nd4
Be4 15. Nxc6 bxc6 16. Bd4 Bd6 17. Nc3 Bxg2 18. Kxg2 Nd7 19. Ne2 Re8 20. Rc1 Rc8
21. Qd3 h5 22. Rh1 Qg5 23. Rcg1 c5 24. Bb2 h4 25. Rb1 Nb6 26. Qxa6 Bc7 27. Qd3
d4 28. exd4 Nd5 29. Bc1 Qe7 30. dxc5 Rcd8 31. Qf3 Qxe2 32. 1/2-1/2

[Event "International chess holiday M21"]
[Site "Praha"]
[Date "2014.08.01"]
[Round "9"]
[White "Hanl , Frantisek"]
[Black "Barthel, Ansgar"]
[Result "0-1"]
[ECO "B03"]
[WhiteElo "1958"]
[BlackElo "2226"]
[Annotator "Koller,Martin"]
[PlyCount "30"]
[TimeControl "240+2"]

1. e4 Nf6 2. e5 Nd5 3. d4 d6 4. c4 Nb6 5. f4 dxe5 6. fxe5 Nc6 7. Be3
Bf5 8. Nc3 e6 9. Nf3 Bg4 10. Be2 Bxf3 11. gxf3 Qh4+ 12. Bf2 Qf4 13. Qd2 Qxd2+
14. Kxd2 O-O-O 15. c5 Bxc5 0-1

[Event "International chess holiday M21"]
[Site "Praha"]
[Date "2014.08.01"]
[Round "9"]
[White "Scherer, Frank"]
[Black "Dalling, Peter"]
[Result "1/2-1/2"]
[ECO "C22"]
[WhiteElo "2063"]
[BlackElo "1907"]
[Annotator "Koller,Martin"]
[PlyCount "105"]
[TimeControl "240+2"]

1. e4 e5 2. d4 exd4 3. Qxd4 Nc6 4. Qe3 Bb4+ 5. Nc3 Bxc3+ 6. Qxc3 Qf6 7.
Bd2 Qxc3 8. Bxc3 f6 9. O-O-O d6 10. Ne2 Nge7 11. Nf4 Ne5 12. Nh5 Bg4 13. Nxg7+
Kf7 14. f3 Kxg7 15. Bxe5 fxe5 16. fxg4 Rhf8 17. Be2 Ng6 18. h4 Nf4 19. Bf3 Rf7
20. g5 Raf8 21. h5 a5 22. c3 b5 23. Rd2 Ne6 24. g6 Rf4 25. gxh7 Kxh7 26. Rd5
Nc5 27. Re1 R8f6 28. b4 axb4 29. cxb4 c6 30. Rd2 Nb7 31. Red1 Kg7 32. a3 Kf7
33. Kb2 Ke7 34. Rc2 c5 35. bxc5 Nxc5 36. Rxc5 dxc5 37. Rd5 b4 38. Rxe5+ Kd6 39.
Rd5+ Kc6 40. axb4 cxb4 41. Rd3 Kc5 42. Kb3 Rb6 43. Rd5+ Kc6 44. Rg5 Kd7 45.
Rg7+ Ke8 46. Rc7 Rf7 47. Rc8+ Ke7 48. Rc4 Kf6 49. Rxb4 Rxb4+ 50. Kxb4 Rc7 51.
Kb5 Ke5 52. Kb6 Rc1 53. Kb5 1/2-1/2

[Event "International chess holiday K21"]
[Site "Praha"]
[Date "2014.08.01"]
[Round "9"]
[White "Koubek, Vaclav"]
[Black "Schoenmakers, Nico"]
[Result "1-0"]
[ECO "C55"]
[WhiteElo "2033"]
[BlackElo "1885"]
[Annotator "Koller,Martin"]
[PlyCount "91"]
[TimeControl "240+2"]

1. e4 e5 2. Nf3 Nc6 3. Bc4 Be7 4. O-O Nf6 5. d3 d6 6.
c3 O-O 7. Bb3 Bg4 8. h3 Bh5 9. Nbd2 h6 10. g4 Bg6 11. Nh4 Bh7 12. Nf5 d5 13.
Qe2 dxe4 14. Nxe7+ Qxe7 15. Nxe4 Nxe4 16. dxe4 a6 17. f3 Rad8 18. Be3 Nb8 19.
Kh2 Nd7 20. Rg1 Kh8 21. g5 hxg5 22. Rxg5 Nc5 23. Bc2 f6 24. Rg4 Ne6 25. Rag1 f5
26. exf5 Bxf5 27. Bg5 Nxg5 28. Rxg5 Bxc2 29. Qxc2 e4 30. fxe4 Qf7 31. Qg2 Qf4+
32. Kh1 Qf3 33. Rxg7 Rd3 34. Rg3 Qxg2+ 35. R1xg2 Rf1+ 36. Kh2 Rdd1 37. Rg8+ Kh7
38. R8g7+ Kh8 39. Rxc7 Rh1+ 40. Kg3 Rd3+ 41. Kf4 Rhxh3 42. Rxb7 Rh4+ 43. Rg4
Rh6 44. e5 Rd2 45. Ke3 Rd1 46. Rd4 1-0

[Event "International chess holiday K21"]
[Site "Praha"]
[Date "2014.08.01"]
[Round "9"]
[White "Thomasson, Staffan"]
[Black "Reichmann, Steffen"]
[Result "0-1"]
[ECO "E62"]
[WhiteElo "1882"]
[BlackElo "1966"]
[Annotator "Koller,Martin"]
[PlyCount "117"]
[TimeControl "240+2"]

1. Nf3 d6 2. g3 g6 3. Bg2 Bg7 4. O-O Nf6 5. d4 O-O 6. c4 c6 7. Nc3 Qc7
8. e4 e5 9. d5 c5 10. Nh4 Qe7 11. h3 Nh5 12. Kh2 Nf4 13. Be3 Nxg2 14. Kxg2 f5
15. Qc2 f4 16. Bd2 Na6 17. a3 f3+ 18. Nxf3 Bxh3+ 19. Kxh3 Rxf3 20. Kg2 Raf8 21.
Be3 Qd7 22. Rh1 h5 23. Rab1 R8f7 24. Ne2 Rf8 25. b4 b6 26. Ng1 R3f7 27. Nh3 Bf6
28. Qd2 Be7 29. Bh6 Rc8 30. b5 Nc7 31. Ng5 Rf6 32. Rbf1 Bf8 33. Nh3 Bxh6 34.
Qxh6 Qg7 35. Qg5 Re8 36. a4 Rf7 37. a5 Qf6 38. Qxf6 Rxf6 39. axb6 axb6 40. Ra1
Re7 41. Ra7 Kg7 42. Rha1 Kh6 43. f4 exf4 44. gxf4 Rff7 45. Rxc7 Rxc7 46. Kf3
Ra7 47. Rxa7 Rxa7 48. e5 Ra3+ 49. Ke4 Rxh3 50. exd6 Ra3 51. d7 Ra8 52. Ke5 h4
53. Ke6 h3 54. Ke7 h2 55. d8=Q Rxd8 56. Kxd8 h1=Q 57. d6 Qe4 58. d7 Qxf4 59.
Kc8 0-1

[Event "International chess holiday M31"]
[Site "Praha"]
[Date "2014.08.03"]
[Round "1"]
[White "Gregor, Jiri"]
[Black "Hansch, Stephan"]
[Result "1/2-1/2"]
[ECO "A57"]
[WhiteElo "2262"]
[BlackElo "2040"]
[Annotator "Koller,Martin"]
[PlyCount "71"]
[TimeControl "240+2"]

1. d4 Nf6 2. c4 c5 3. d5 b5 4. cxb5 a6 5. f3 d6 6. e4 g6 7. Nc3 Bg7 8.
a4 O-O 9. Nge2 e6 10. dxe6 fxe6 11. e5 dxe5 12. Qxd8 Rxd8 13. Ng3 Nd5 14. Bg5
Bf6 15. Bxf6 Nxf6 16. Bc4 axb5 17. Nxb5 Nd5 18. b3 Ne3 19. Kf2 Nxc4 20. bxc4
Rd2+ 21. Ne2 Nc6 22. Ke3 Rc2 23. Rhc1 Nd4 24. Nbxd4 exd4+ 25. Kd3 Rb2 26. a5 e5
27. Ng3 Bf5+ 28. Nxf5 gxf5 29. Re1 Re8 30. Ra3 Rxg2 31. Re2 Rxe2 32. Kxe2 e4
33. fxe4 fxe4 34. a6 Ra8 35. a7 Kf7 36. Ra6 1/2-1/2

[Event "International chess holiday M31"]
[Site "Praha"]
[Date "2014.08.03"]
[Round "1"]
[White "Hansch, Karsten"]
[Black "Rut, Vojtech"]
[Result "1-0"]
[ECO "E65"]
[WhiteElo "2181"]
[BlackElo "2119"]
[Annotator "Koller,Martin"]
[PlyCount "49"]
[TimeControl "240+2"]

1. c4 Nf6 2. g3 c5 3. Bg2 Nc6 4. Nc3 g6 5. Nf3 Bg7 6. d4 cxd4 7. Nxd4
O-O 8. O-O d6 9. Nxc6 bxc6 10. Bxc6 Rb8 11. Bg2 Qa5 12. Nb5 a6 13. Bd2 Qd8 14.
Nd4 Rxb2 15. Bc3 Qb6 16. Nc6 Re8 17. Bd4 Qb7 18. Nxe7+ Qxe7 19. Bxb2 Qxe2 20.
Bxf6 Bxf6 21. Re1 Qxd1 22. Raxd1 Rxe1+ 23. Rxe1 Be6 24. Bd5 Bxd5 25. Re8+ 1-0

[Event "International chess holiday M31"]
[Site "Praha"]
[Date "2014.08.03"]
[Round "1"]
[White "Hansch, Torsten"]
[Black "Simecek, Bohumil"]
[Result "1/2-1/2"]
[ECO "D12"]
[WhiteElo "2117"]
[BlackElo "2058"]
[Annotator "Koller,Martin"]
[PlyCount "26"]
[TimeControl "240+2"]

1. d4 d5 2. c4 c6 3. Nf3 Nf6 4. e3 Bf5 5. Nc3 e6 6. Be2 h6 7. O-O Bd6
8. Qb3 Qc7 9. c5 Be7 10. Ne5 O-O 11. f4 Nbd7 12. Bd2 Ne4 13. Nxe4 Bxe4 1/2-1/2

[Event "International chess holiday M31"]
[Site "Praha"]
[Date "2014.08.03"]
[Round "1"]
[White "Michalek, Frantisek"]
[Black "Hanl, Frantisek"]
[Result "1/2-1/2"]
[ECO "B30"]
[WhiteElo "2081"]
[BlackElo "1972"]
[Annotator "Koller,Martin"]
[PlyCount "21"]
[TimeControl "240+2"]

1. e4 c5 2. Nf3 Nc6 3. Nc3 Nf6 4. Bc4 e6 5. Qe2 Nd4 6. Nxd4 cxd4 7. Nb5
e5 8. d3 a6 9. Na3 Bxa3 10. bxa3 b5 11. Bb3 1/2-1/2

[Event "International chess holiday M31"]
[Site "Praha"]
[Date "2014.08.03"]
[Round "1"]
[White "Vavrinec, Tomas"]
[Black "Jurcisin, Imrich"]
[Result "1-0"]
[ECO "A29"]
[WhiteElo "2044"]
[BlackElo "2037"]
[Annotator "Koller,Martin"]
[PlyCount "115"]
[TimeControl "240+2"]

1. c4 e5 2. Nc3 Nf6 3. Nf3 Nc6 4. g3 d5 5. cxd5 Nxd5 6. Bg2 Be6 7. O-O
Be7 8. d4 exd4 9. Nxd4 Nxd4 10. Qxd4 Bf6 11. Qa4+ c6 12. Nxd5 Bxd5 13. Rd1 b5
14. Qc2 Qc8 15. e4 Bc4 16. e5 Be7 17. b3 Bd5 18. Bxd5 cxd5 19. Qxc8+ Rxc8 20.
Rxd5 a6 21. Be3 Ba3 22. Rad1 O-O 23. Rd7 Bb2 24. Ra7 Ra8 25. Rxa8 Rxa8 26. f4
g5 27. Kf2 Rc8 28. Kf3 gxf4 29. gxf4 Rc2 30. Rd2 Rxd2 31. Bxd2 Kf8 32. Ke4 Ke7
33. Kf5 Ba3 34. Kg5 Kf8 35. Kh6 Kg8 36. h4 Bb2 37. h5 Ba3 38. f5 Bf8+ 39. Kg5
Be7+ 40. Kf4 Kf8 41. Ke4 Ke8 42. Kd5 Kd7 43. Ba5 Bh4 44. Bb4 Bg5 45. Bd6 Be3
46. e6+ fxe6+ 47. fxe6+ Kd8 48. Kc6 Bd4 49. Kb7 a5 50. Ka6 a4 51. Kxb5 axb3 52.
axb3 Be3 53. Kc6 h6 54. b4 Bg5 55. b5 Ke8 56. b6 Bf6 57. b7 Bd8 58. e7 1-0

[Event "International chess holiday K31"]
[Site "Praha"]
[Date "2014.08.03"]
[Round "1"]
[White "Cetens, Edward"]
[Black "Nelson, Wayne"]
[Result "1/2-1/2"]
[ECO "A25"]
[WhiteElo "1832"]
[BlackElo "2067"]
[Annotator "Koller,Martin"]
[PlyCount "33"]
[TimeControl "240+2"]

1. c4 e5 2. g3 Nc6 3. Nc3 f5 4. Bg2 Nf6 5. Nf3 d6 6.
d4 e4 7. Nd2 Be7 8. Nb3 O-O 9. O-O d5 10. c5 a6 11. Rb1 Kh8 12. Na1 Be6 13. Nc2
a5 14. a3 b6 15. b4 axb4 16. axb4 bxc5 17. bxc5 1/2-1/2

[Event "International chess holiday K31"]
[Site "Praha"]
[Date "2014.08.03"]
[Round "1"]
[White "Fitzke, Ulrich"]
[Black "Thomasson, Staffan"]
[Result "0-1"]
[ECO "E61"]
[WhiteElo "1926"]
[BlackElo "1879"]
[Annotator "Koller,Martin"]
[PlyCount "92"]
[TimeControl "240+2"]

1. d4 g6 2. c4 Bg7 3. Nf3 c5 4. e3 cxd4 5. exd4 Nf6 6. Nc3 O-O 7. Be2
d5 8. c5 Nc6 9. h3 Ne4 10. O-O Nxc3 11. bxc3 Qa5 12. Qb3 e5 13. Be3 Rb8 14.
Rfd1 Be6 15. Ng5 b6 16. Nxe6 fxe6 17. Qb5 Rfc8 18. Qxa5 Nxa5 19. cxb6 axb6 20.
dxe5 Rxc3 21. Bd4 Rc7 22. Rab1 Nc4 23. f4 b5 24. Rb3 Bh6 25. g3 Bf8 26. Rdb1 b4
27. Bc3 Bc5+ 28. Kg2 Ra8 29. Bxb4 Rxa2 30. Bxc5 Rxc5 31. Kf2 Nd2 32. Rb8+ Kg7
33. R1b2 Ne4+ 34. Kg2 Rc2 35. Rxa2 Rxa2 36. Kf3 Ra3+ 37. Kg4 h5+ 38. Kh4 Nxg3
39. Kg5 Ne4+ 40. Kh4 Ra7 41. Bd3 Nf2 42. Bf1 Ra3 43. Rb7+ Kh6 44. Bg2 Nd1 45.
Re7 Ne3 46. Kg3 Nf5+ 0-1

[Event "International chess holiday K31"]
[Site "Praha"]
[Date "2014.08.03"]
[Round "1"]
[White "Hadzala, Daniel"]
[Black "Hapke, Ralf"]
[Result "1-0"]
[ECO "A37"]
[WhiteElo "2070"]
[BlackElo "1944"]
[Annotator "Koller,Martin"]
[PlyCount "85"]
[TimeControl "240+2"]

1. Nf3 c5 2. g3 Nc6 3. Bg2 e5 4. d3 g6 5. c4 Bg7 6. Nc3 Nge7 7. O-O d6
8. a3 O-O 9. Rb1 a5 10. Ne1 f5 11. Nc2 Rb8 12. Bd2 Be6 13. Ne3 h6 14. Ned5 f4
15. gxf4 exf4 16. Nxf4 Bg4 17. Ncd5 g5 18. h3 Bf5 19. Nxe7+ Nxe7 20. Nd5 Nxd5
21. Bxd5+ Kh8 22. Kg2 Qd7 23. Rh1 Rbe8 24. Bxa5 Bxh3+ 25. Rxh3 Rxf2+ 26. Kxf2
Qxh3 27. Ke1 Qe3 28. Bc3 h5 29. Bxg7+ Kxg7 30. Be4 h4 31. Qc1 Qg3+ 32. Kd2 Rf8
33. Qg1 Qe5 34. Qg2 Rf4 35. Kc2 Qf6 36. Bf3 Qf5 37. Rg1 Kh6 38. Be4 Qf6 39. Qh3
b5 40. cxb5 c4 41. Rg4 cxd3+ 42. Bxd3 Qe6 43. Rxh4+ 1-0

[Event "International chess holiday K31"]
[Site "Praha"]
[Date "2014.08.03"]
[Round "1"]
[White "Kovar, Jan"]
[Black "Pokorny, Jan"]
[Result "1/2-1/2"]
[ECO "B52"]
[WhiteElo "1945"]
[BlackElo "1866"]
[Annotator "Koller,Martin"]
[PlyCount "53"]
[TimeControl "240+2"]

1. e4 c5 2. Nf3 d6 3. Bb5+ Bd7 4. Bxd7+ Nxd7 5. d4 cxd4 6. Qxd4 Ngf6 7.
O-O g6 8. Nc3 Bg7 9. Bg5 O-O 10. Rfe1 Qb6 11. Qxb6 Nxb6 12. Rad1 Rac8 13. Re2
h6 14. Bh4 g5 15. Bg3 Nh5 16. Nd5 Nxd5 17. exd5 Nxg3 18. hxg3 Rfe8 19. Nd4 Bxd4
20. Rxd4 Rc7 21. c4 Rd7 22. g4 e5 23. dxe6 fxe6 24. f3 Kf7 25. Kf2 e5 26. Rd5
b6 27. b3 1/2-1/2

[Event "International chess holiday K31"]
[Site "Praha"]
[Date "2014.08.03"]
[Round "1"]
[White "Skvaril, Michal"]
[Black "Kostelecky, Daniel"]
[Result "1/2-1/2"]
[ECO "B33"]
[WhiteElo "1730"]
[BlackElo "1639"]
[Annotator "Koller,Martin"]
[PlyCount "66"]
[TimeControl "240+2"]

1. e4 c5 2. Nf3 Nc6 3. d4 cxd4 4. Nxd4 Nf6 5. Nc3 e5 6. Ndb5 d6 7. Bg5
a6 8. Na3 b5 9. Nd5 Be6 10. Bxf6 gxf6 11. c3 Bg7 12. Nc2 f5 13. exf5 Bxf5 14.
Nce3 Be6 15. Bd3 O-O 16. Bf5 Bxf5 17. Nxf5 Qg5 18. Nde3 Rad8 19. Qf3 Ne7 20. h4
Qf6 21. g4 Nxf5 22. gxf5 e4 23. Qxe4 Rfe8 24. Qf3 Bh6 25. Kf1 Bxe3 26. fxe3 Re5
27. e4 d5 28. Rd1 dxe4 29. Rxd8+ Qxd8 30. Qg3+ Kf8 31. Qxe5 Qd1+ 32. Kg2 Qf3+
33. Kh2 Qf2+ 1/2-1/2

[Event "International chess holiday M31"]
[Site "Praha"]
[Date "2014.08.03"]
[Round "2"]
[White "Jurcisin, Imrich"]
[Black "Gregor, Jiri"]
[Result "1-0"]
[ECO "B15"]
[WhiteElo "2037"]
[BlackElo "2262"]
[Annotator "Koller,Martin"]
[PlyCount "40"]
[TimeControl "240+2"]

1. e4 c6 2. d4 d5 3. Nd2 dxe4 4. Nxe4 Nf6 5. Nxf6+ exf6 6. Nf3 Bd6 7.
Be2 Be6 8. O-O Qc7 9. c4 O-O 10. d5 cxd5 11. cxd5 Bg4 12. h3 Bh5 13. Be3 Nd7
14. Rc1 Qa5 15. Qb3 Ne5 16. Nd4 Bxe2 17. Nxe2 Rfd8 18. Rfd1 Rd7 19. Rd4 b5 20.
Rcd1 Nc4 neèitelné 1-0

[Event "International chess holiday M31"]
[Site "Praha"]
[Date "2014.08.03"]
[Round "2"]
[White "Hanl, Frantisek"]
[Black "Hansch, Karsten"]
[Result "0-1"]
[ECO "B99"]
[WhiteElo "1972"]
[BlackElo "2187"]
[Annotator "Koller,Martin"]
[PlyCount "58"]
[TimeControl "240+2"]

1. e4 c5 2. Nf3 d6 3. d4 cxd4 4. Nxd4 Nf6 5. Nc3 a6 6. Bg5 e6 7. f4 Be7
8. Qf3 Qc7 9. O-O-O Nbd7 10. g4 b5 11. Bxf6 Nxf6 12. g5 Nd7 13. Bd3 Bb7 14.
Rhe1 Nc5 15. Kb1 O-O-O 16. Qe3 Kb8 17. a3 Rd7 18. b4 Nxd3 19. Ndxb5 axb5 20.
Nxb5 Qc6 21. Qa7+ Kc8 22. cxd3 Qxb5 23. Rc1+ Rc7 24. Rxc7+ Kxc7 25. Qd4 Rc8 26.
e5 d5 27. f5 Kd7 28. f6 gxf6 29. gxf6 Bc5 0-1

[Event "International chess holiday M31"]
[Site "Praha"]
[Date "2014.08.03"]
[Round "2"]
[White "Hansch, Torsten"]
[Black "Michalek, Frantisek"]
[Result "1/2-1/2"]
[ECO "D12"]
[WhiteElo "2117"]
[BlackElo "2081"]
[Annotator "Koller,Martin"]
[PlyCount "70"]
[TimeControl "240+2"]

1. d4 d5 2. c4 c6 3. Nf3 Nf6 4. e3 Bf5 5. Nc3 e6 6. Nh4 Bg6 7. Nxg6
hxg6 8. Bd3 Nbd7 9. O-O Bd6 10. f4 a6 11. a4 dxc4 12. Bxc4 b5 13. Bd3 b4 14.
Ne2 a5 15. e4 Be7 16. Ng3 Nh5 17. Nxh5 Rxh5 18. f5 Bd6 19. h3 exf5 20. exf5 Qh4
21. Qf3 Qxd4+ 22. Be3 Qxd3 23. Rad1 Ne5 24. Rxd3 Nxf3+ 25. Rxf3 Be5 26. g4 Rh8
27. Bd4 Bxd4+ 28. Rxd4 gxf5 29. gxf5 Rh6 30. Kg2 Ke7 31. Re3+ Kf6 32. Rd7 Kxf5
33. Rxf7+ Kg6 34. Ree7 Rh7 35. Rd7 Rd8 1/2-1/2

[Event "International chess holiday M31"]
[Site "Praha"]
[Date "2014.08.03"]
[Round "2"]
[White "Rut , Vojtech"]
[Black "Vavrinec, Tomas"]
[Result "1/2-1/2"]
[ECO "D34"]
[WhiteElo "2119"]
[BlackElo "2044"]
[Annotator "Koller,Martin"]
[PlyCount "87"]
[TimeControl "240+2"]

1. d4 e6 2. c4 Nf6 3. g3 d5 4. Nf3 c5 5. cxd5 exd5 6. Bg2 Nc6 7. O-O
Be7 8. Nc3 O-O 9. dxc5 Bxc5 10. Bg5 Be6 11. Bxf6 Qxf6 12. Nxd5 Qxb2 13. Nc7
Rad8 14. Qc1 Qxc1 15. Raxc1 Bb6 16. Nxe6 fxe6 17. Rfd1 Rxd1+ 18. Rxd1 Rd8 19.
Rxd8+ Bxd8 20. Ne1 Nd4 21. Kf1 b5 22. e3 Nf5 23. Nd3 a5 24. Ke2 Kf7 25. Ne5+
Kf6 26. Nc6 Bb6 27. Kd3 Bc7 28. e4 Ne7 29. Nd4 b4 30. Kc4 e5 31. Nb3 Nc6 32.
Kc5 Nd4 33. Nxd4 exd4 34. f4 g5 35. e5+ Kf5 36. Kxd4 gxf4 37. Be4+ Kg4 38. gxf4
Kxf4 39. e6 Bd8 40. Bxh7 a4 41. Bc2 b3 42. axb3 axb3 43. Bxb3 Kg4 44. Ke5
1/2-1/2

[Event "International chess holiday M31"]
[Site "Praha"]
[Date "2014.08.03"]
[Round "2"]
[White "Simecek, Bohumil"]
[Black "Hansch, Stephan"]
[Result "1/2-1/2"]
[ECO "D36"]
[WhiteElo "2058"]
[BlackElo "2044"]
[Annotator "Koller,Martin"]
[PlyCount "27"]
[TimeControl "240+2"]

1. d4 d5 2. Nf3 Nf6 3. c4 e6 4. Nc3 Be7 5. cxd5 exd5 6. Bg5 O-O 7. e3
c6 8. Qc2 Nbd7 9. Bd3 Re8 10. O-O Ne4 11. Bxe7 Qxe7 12. Bxe4 dxe4 13. Nd2 Nf6
14. Rac1 1/2-1/2

[Event "International chess holiday K31"]
[Site "Praha"]
[Date "2014.08.03"]
[Round "2"]
[White "Hadzala, Daniel"]
[Black "Skvaril, Michal"]
[Result "1-0"]
[ECO "A07"]
[WhiteElo "2070"]
[BlackElo "1730"]
[Annotator "Koller,Martin"]
[PlyCount "59"]
[TimeControl "240+2"]

1. Nf3 d5 2. g3 Nf6 3. Bg2 e6 4. d3 Be7 5. O-O O-O 6. Nbd2 b6 7. e4
dxe4 8. dxe4 Bb7 9. e5 Nfd7 10. Re1 Nc6 11. c3 Re8 12. Qc2 Qc8 13. a4 a5 14.
Nc4 Rb8 15. Bf4 Nf8 16. h4 Ng6 17. Bd2 h6 18. h5 Nf8 19. Re4 Nd7 20. Rae1 Ba6
21. Rg4 Kh8 22. Qc1 Bf8 23. Qc2 Ne7 24. Nh4 Rd8 25. Bf1 Bb7 26. Rf4 Kg8 27. Bd3
f5 28. exf6 Nxf6 29. Ne5 Nxh5 30. Bh7+ 1-0

[Event "International chess holiday K31"]
[Site "Praha"]
[Date "2014.08.03"]
[Round "2"]
[White "Hapke, Ralf"]
[Black "Pokorny, Jan"]
[Result "1-0"]
[ECO "B07"]
[WhiteElo "1944"]
[BlackElo "1866"]
[Annotator "Koller,Martin"]
[PlyCount "71"]
[TimeControl "240+2"]

1. e4 d6 2. d4 Nf6 3. Nc3 g6 4. Be3 a6 5. f3 b5 6. Qd2 Bg7 7. O-O-O c6
8. Kb1 O-O 9. Bh6 Qc7 10. h4 Nh5 11. Nce2 e5 12. g4 Bxh6 13. Qxh6 Ng7 14. h5
gxh5 15. Ng3 f6 16. Nxh5 Nxh5 17. Rxh5 Qg7 18. Qd2 Ra7 19. Ne2 Be6 20. Ng3 Rd7
21. d5 cxd5 22. exd5 Bf7 23. Nf5 Qh8 24. Rh3 Rc8 25. Bd3 Rc5 26. Rdh1 Bxd5 27.
Rxh7 Rxh7 28. Rxh7 Qxh7 29. Nh6+ Qxh6 30. Qxh6 Nc6 31. Qxf6 Bxa2+ 32. Kxa2 Nb4+
33. Kb1 Rd5 34. b3 Rd4 35. g5 Nxd3 36. cxd3 1-0

[Event "International chess holiday K31"]
[Site "Praha"]
[Date "2014.08.03"]
[Round "2"]
[White "Nelson, Wayne"]
[Black "Fitzke, Ulrich"]
[Result "1-0"]
[ECO "D05"]
[WhiteElo "2067"]
[BlackElo "1926"]
[Annotator "Koller,Martin"]
[PlyCount "81"]
[TimeControl "240+2"]

1. d4 d5 2. Nf3 Nf6 3. e3 e6 4. Bd3 Be7 5. Nbd2 b6 6. O-O O-O 7. Ne5
Bb7 8. f4 Nbd7 9. Qf3 c5 10. c3 Rc8 11. g4 cxd4 12. exd4 Nxe5 13. fxe5 Nd7 14.
Qh3 g6 15. Nf3 f5 16. exf6 Bxf6 17. Bh6 Bg7 18. Bxg7 Kxg7 19. g5 Qe7 20. Qh6+
Kg8 21. Rae1 Rce8 22. Bb5 a6 23. Bxd7 Qxd7 24. Ne5 Qg7 25. Qh3 Rf5 26. Rxf5
exf5 27. Qf3 Qe7 28. h4 b5 29. Kf2 b4 30. Nd3 Qd7 31. Nc5 Qb5 32. Rxe8+ Qxe8
33. Nxb7 Qb5 34. Nc5 Qc4 35. Qe2 Qxe2+ 36. Kxe2 bxc3 37. bxc3 a5 38. a4 Kg7 39.
Nb3 h6 40. Nxa5 hxg5 41. hxg5 1-0

[Event "International chess holiday K31"]
[Site "Praha"]
[Date "2014.08.03"]
[Round "2"]
[White "Thomasson, Staffan"]
[Black "Kovar, Jan"]
[Result "1-0"]
[ECO "D03"]
[WhiteElo "1879"]
[BlackElo "1945"]
[Annotator "Koller,Martin"]
[PlyCount "69"]
[TimeControl "240+2"]

1. Nf3 d5 2. d4 Nf6 3. Bg5 Ne4 4. Bf4 c5 5. c3 e6 6. Bxb8 Rxb8 7. Qa4+
Bd7 8. Qc2 Be7 9. e3 O-O 10. Be2 f5 11. Nbd2 Nxd2 12. Qxd2 Bd6 13. Ne5 Bxe5 14.
dxe5 Qg5 15. f4 Qd8 16. O-O Qa5 17. g4 Bb5 18. Bxb5 Qxb5 19. gxf5 Rxf5 20. Rf3
Qc4 21. Rg3 Qe4 22. Qe2 b5 23. Qg4 Rb7 24. Re1 d4 25. cxd4 cxd4 26. Rc1 dxe3
27. Rc8+ Rf8 28. Qxe6+ Rbf7 29. Rxf8+ Kxf8 30. Qc8+ Ke7 31. Qc5+ Kd8 32. Qd6+
Rd7 33. Qb8+ Ke7 34. Rxg7+ Ke6 35. Qe8+ 1-0

[Event "International chess holiday M31"]
[Site "Praha"]
[Date "2014.08.04"]
[Round "3"]
[White "Gregor, Jiri"]
[Black "Rut, Vojtech"]
[Result "1-0"]
[ECO "A57"]
[WhiteElo "2262"]
[BlackElo "2113"]
[Annotator "Koller,Martin"]
[PlyCount "81"]
[TimeControl "240+2"]

1. d4 Nf6 2. Nf3 c5 3. d5 b5 4. c4 b4 5. Qc2 d6 6. h3 g6 7. e4 Bg7 8.
Bd3 O-O 9. O-O e5 10. dxe6 fxe6 11. e5 dxe5 12. Nxe5 Bb7 13. Nd2 Nc6 14. Nxc6
Bxc6 15. Nb3 Nd7 16. Be3 Qh4 17. Na5 Bf3 18. Rfe1 Ne5 19. Bf1 Be4 20. Qd2 Qxh3
21. Bf4 Qg4 22. Bg3 Rf3 23. Bxe5 Rxf2 24. Qxf2 Bxe5 25. Rxe4 Qxe4 26. Re1 Qd4
27. Qxd4 Bxd4+ 28. Kh2 Rf8 29. Be2 Rf2 30. Nb3 Bxb2 31. Kg3 Rf5 32. Bg4 Rg5 33.
Kf4 h6 34. Bxe6+ Kg7 35. g4 Kf6 36. Bd5 Be5+ 37. Kf3 h5 38. gxh5 gxh5 39. Nxc5
Rg3+ 40. Kf2 Bf4 41. Ne4+ 1-0